 Dungeon Crawl Stone Soup version 0.13-a0-3016-gcb2faac (webtiles) character file.

251 Econoterrorist the Insei (level 4, 0/34 HPs)
             Began as a Demonspawn Monk on Sept 13, 2013.
             Succumbed to an adder's poison
             ... on Level 1 of the Dungeon.
             The game lasted 00:05:11 (1437 turns).

Econoterrorist the Insei (Demonspawn Monk)          Turns: 1437, Time: 00:05:11

HP   0/34        AC  4     Str 12      XL: 4   Next: 31%
MP   2/3         EV 13     Int 12      God:
Gold 162         SH  0     Dex 15      Spells:  0 memorised,  3 levels left

Res.Fire  : . . .   See Invis. : .     - Unarmed
Res.Cold  : . . .   Warding    : .   a - +0 robe
Life Prot.: . . .   Conserve   : .   (no shield)
Res.Poison: .       Res.Corr.  : .   (no helmet)
Res.Elec. : .       Clarity    : .   (no cloak)
Sust.Abil.: . .     Spirit.Shd : +   (no gloves)
Res.Mut.  : .       Stasis     : .   (no boots)
Res.Rott. : .       Flight     : .   (no amulet)
Saprovore : . . .                    (no ring)
                                     (no ring)

@: mildly poisoned, slightly resistant to hostile enchantments, fairly stealthy
A: magic shield, magic regeneration, AC +2
a: no special abilities


You were on level 1 of the Dungeon.
You were hungry.

You visited 1 branch of the dungeon, and saw 2 of its levels.

You collected 162 gold pieces.

Inventory:

Armour
 a - a +0 robe (worn)
Comestibles
 b - 2 bread rations
Scrolls
 c - 3 scrolls of identify {unknown}
 d - a scroll of curse armour {unknown}
 e - a scroll of curse jewellery {unknown}
 f - a scroll of teleportation {unknown}
 i - a scroll of enchant weapon II {unknown}


   Skills:
 - Level 3.0 Fighting
 - Level 2.6 Dodging
 - Level 1.7 Stealth
 + Level 5.3 Unarmed Combat


You had 3 spell levels left.
You didn't know any spells.

Dungeon Overview and Level Annotations

Branches:
Dungeon (2/27)

Altars:


Innate Abilities, Weirdness & Mutations

You are partially covered in slimy green scales (AC +2).
When hurt, damage is shared between your health and your magic reserves.
You regenerate magic rapidly.


Message History

There is an escape hatch in the ceiling here.
The gnoll throws an uncursed spear.
The uncursed spear misses you. The adder closely misses you.
A mysterious force pulls you upwards. The hatch slams shut behind you.
You closely miss the adder.
The adder is severely wounded.
* * * LOW HITPOINT WARNING * * *
You feel sick. The adder bites you.
* * * LOW HITPOINT WARNING * * *
You closely miss the adder.
The adder is severely wounded.
* * * LOW HITPOINT WARNING * * *
You feel sick. The adder misses you.
You hit the adder.
You kill the adder!
* * * LOW HITPOINT WARNING * * *
You feel sick.
* * * LOW HITPOINT WARNING * * *
You feel sick.
You die...

#.########........# #........
#...........#####.# ##...)....
#..########.# #.####.#.######
#..# #.# #.##..###...# #..# #.#
#.##.#.#.##.# #..##### #.#
##.##.##.###.### #......# #.#
#..##.##........ #.####.#
#.####.###.######.%.. #.# #.#
#...@#.# #.# ##### #.# #.#
####.#.# #.# ## #.# #.# #.#.#
#.# ##. #>#
##.#######.#.###.########.# #.#
#......................##.# #.#
#..########..#...#####.##.# #.#
#..#...).......#...........
#.###..#.........#...####.#####
#...............%##.## #......


There were no monsters in sight!

Vanquished Creatures
  2 gnolls (D:2)
  3 adders
  2 giant geckos (D:2)
  4 orcs (D:2)
  5 bats
  4 giant cockroaches (D:1)
  2 goblins
  4 hobgoblins
  5 kobolds
  A quokka (D:2)
  A ball python (D:2)
  A giant newt (D:1)
  3 rats
37 creatures vanquished.

Notes
Turn   | Place    | Note
--------------------------------------------------------------
     0 | D:1      | Econoterrorist, the Demonspawn Monk, began the quest for the Orb.
     0 | D:1      | Reached XP level 1. HP: 16/16 MP: 0/0
   158 | D:1      | Reached skill level 4 in Unarmed Combat
   209 | D:1      | Gained mutation: You are partially covered in slimy green scales (AC +2). [demonic ancestry]
   209 | D:1      | Reached XP level 2. HP: 22/22 MP: 1/1
   902 | D:2      | Gained mutation: When hurt, damage is shared between your health and your magic reserves. [demonic ancestry]
   902 | D:2      | Reached XP level 3. HP: 26/28 MP: 2/2
  1042 | D:2      | Reached skill level 5 in Unarmed Combat
  1391 | D:2      | Gained mutation: You regenerate magic rapidly. [demonic ancestry]
  1391 | D:2      | Reached XP level 4. HP: 34/34 MP: 3/3
  1436 | D:1      | HP: 1/34 [poisoned by an adder]
  1437 | D:1      | Succumbed to an adder's poison

Action                   |  1- 3 |  4- 6 || total
-------------------------+-------+-------++-------
Melee: Unarmed           |   132 |    17 ||   149
  Use: Potion            |       |     1 ||     1
 Stab: Sleeping          |     1 |       ||     1
